 Dungeon Sprint DCSS version 0.28-a0-407-g69098e2f6d (webtiles) character file.

Game seed: 1558695354537477348

2883 MRpancake the Fencer (level 9, -2/95 HPs)
             Began as a Minotaur Monk on Sept 5, 2021.
             Was an Elder of Nemelex Xobeh.
             Slain by a troll (10 damage)
             ... in the Dungeon (Sprint VII: "The Pits").
             The game lasted 00:10:24 (1529 turns).

MRpancake the Fencer (Minotaur Monk)                Turns: 1529, Time: 00:10:25

Health: -2/95      AC: 13    Str: 22    XL:     9   Next: 48%
Magic:  8/8        EV: 13    Int: 10    God:    Nemelex Xobeh [****..]
Gold:   0          SH:  4    Dex: 13    Spells: 8/8 levels left

rFire   + . .      SeeInvis .   t - +2 scimitar (flame)
rCold   . . .      Faith    .   a - +1 buckler {rF+}
rNeg    . . .      Spirit   .   r - +4 scale mail
rPois   .          Reflect  .   (helmet restricted)
rElec   .          Harm     .   (no cloak)
rCorr   .          Rampage  .   (no gloves)
Will    .....      NoTele   +   u - +0 pair of boots
Stlth   ++........              (no amulet)
HPRegen 0.25/turn               p - +3 ring of strength
MPRegen 0.11/turn               o - +3 ring of intelligence

@: slowed, very slow
A: horns 2, retaliatory headbutt
a: Renounce Religion, Draw Escape, Draw Destruction, Draw Summoning, Triple
Draw, Deal Four


You were in the Dungeon.
You worshipped Nemelex Xobeh.
Nemelex Xobeh was greatly pleased with you.
You visited 1 branch

Inventory:

Hand Weapons
 t - a +2 scimitar of flaming (weapon)
Armour
 a - a +1 buckler of fire resistance (worn)
 r - a +4 scale mail (worn)
 u - a +0 pair of boots (worn)
Jewellery
 o - a +3 ring of intelligence (right hand)
 p - a +3 ring of strength (left hand)
Scrolls
 h - a scroll of blinking
 k - 5 scrolls of amnesia
 l - a scroll of summoning
Potions
 c - 8 potions of curing
 d - 4 potions of heal wounds
 e - a potion of haste
 f - 4 potions of magic
 g - 4 potions of berserk rage
 j - 2 potions of invisibility
 q - 2 potions of brilliance


   Skills:
 + Level 14.2 Fighting
 + Level 16.4 Long Blades
 + Level 8.3 Armour
 + Level 9.1 Dodging
 + Level 5.2 Stealth
 + Level 0.6 Shields


You had 8 spell levels left.
You didn't know any spells.
Your spell library was empty.

Dungeon Overview and Level Annotations

Branches:
Dungeon (1/1)

Altars:
Ashenzari
Cheibriados
Dithmenos
Elyvilon
Fedhas
Gozag
Hepliaklqana
Kikubaaqudgha
Makhleb
Nemelex Xobeh
Okawaru
Qazlal
Ru
Sif Muna
Trog
Uskayaw
Vehumet
Wu Jian
Xom
Yredelemnul
Zin
The Shining One
Beogh
Jiyva
Lugonu


Innate Abilities, Weirdness & Mutations

You have a pair of horns on your head.
You reflexively headbutt those who attack you in melee.


Message History

The orc warrior closely misses you.
You hit the phantasmal warrior but do no damage.
The phantasmal warrior is severely damaged.
You block the phantasmal warrior's attack.
The orc warrior misses you.
The troll shouts!
You slash the phantasmal warrior! You burn the phantasmal warrior.
The phantasmal warrior is almost destroyed.
The phantasmal warrior hits you!! The orc warrior barely misses you.
The phantasmal warrior misses you.
You barely miss the phantasmal warrior.
The phantasmal warrior is almost destroyed.
The orc warrior barely misses you. The phantasmal warrior misses you.
You slash the phantasmal warrior! You burn the phantasmal warrior.
You destroy the phantasmal warrior!
The orc warrior hits you but does no damage.
The orc warrior hits you from afar with a +0 glaive!
The bog body points at you and mumbles some strange words.
You feel as though you will be slow longer.
Your Fighting skill increases to level 14!
Your Armour skill increases to level 8!
You slash the bog body! You burn the bog body.
The bog body is moderately damaged.
The orc warrior closely misses you. The bog body touches you.
The bog body freezes you!!
* * * LOW HITPOINT WARNING * * *
You closely miss the bog body. Your headbutt misses the bog body.
The bog body is moderately damaged.
The bog body casts a spell at you. You resist with significant effort.
The orc warrior misses you.
You feel much better. The troll bites you but does no damage.
The troll claws you but does no damage. x2; The orc warrior barely misses you.
The bog body touches you!
* * * LOW HITPOINT WARNING * * *
The bog body freezes you!
* * * LOW HITPOINT WARNING * * *
The bog body closely misses you. The troll barely misses you. x2
The troll claws you!
You die...
Your body glows with a rainbow of weird colours and disappears.

#.......##''#
#.......##..##
#.......##...##
#...<...###..)##+##.
#.......# ##)÷...... #
#.......###..###+### .# +#
#.......##.)##.....##..#...
##########..÷÷......'..'.
##########.÷##..@T.##..#
...#....###..###n###..o#
...#...[# ##.....o.oo.#
...'...)# #...##+##..##
...#..))##...## ##..#
...#..))##..## #..+
############ ###


You could see a bog body, a troll and an orc warrior.

Vanquished Creatures
  A two-headed ogre (D)
  A phantasmal warrior (D)
  A smoke demon (D)
  2 flying skulls (D)
  A spriggan (D)
  A ynoxinul (D)
  A fire bat (D)
  A basilisk (D)
  A necrophage (D)
  2 gnoll sergeants (D)
  A scorpion (D)
  4 wights (D)
  An orc priest (D)
  A hound (D)
  An iguana (D)
  2 orc wizards (D)
  5 gnolls (D)
  An adder (D)
  A river rat (D)
  A white imp (D)
  An ufetubus (D)
  3 orcs (D)
  2 ball pythons (D)
  A bat (D)
  2 endoplasms (D)
  A giant cockroach (D)
  A goblin (D)
  6 jackals (D)
  A kobold (D)
48 creatures vanquished.

Notes
Turn   | Place    | Note
-------+----------+-------------------------------------------
     0 | D        | MRpancake the Minotaur Monk began the quest for the Orb.
     0 | D        | Reached XP level 1. HP: 19/19 MP: 0/0
    20 | D        | Found a bloodstained altar of Trog.
    20 | D        | Found a shimmering blue altar of Sif Muna.
    20 | D        | Found a viscous altar of Jiyva.
    20 | D        | Found a hazy altar of Hepliaklqana.
    20 | D        | Found an opulent altar of Gozag.
    22 | D        | Found a glowing golden altar of the Shining One.
    22 | D        | Found a glowing silver altar of Zin.
    22 | D        | Found a basalt altar of Yredelemnul.
    22 | D        | Found a shimmering altar of Xom.
    22 | D        | Found an ornate altar of the Wu Jian Council.
    22 | D        | Found a sacrificial altar of Ru.
    22 | D        | Found a stormy altar of Qazlal.
    22 | D        | Found an iron altar of Okawaru.
    22 | D        | Found a sparkling altar of Nemelex Xobeh.
    22 | D        | Found a burning altar of Makhleb.
    22 | D        | Found a blossoming altar of Fedhas.
    22 | D        | Found a white marble altar of Elyvilon.
    22 | D        | Found a shadowy altar of Dithmenos.
    22 | D        | Found a snail-covered altar of Cheibriados.
    24 | D        | Found a radiant altar of Vehumet.
    24 | D        | Found a corrupted altar of Lugonu.
    25 | D        | Found a hide-covered altar of Uskayaw.
    25 | D        | Found an ancient bone altar of Kikubaaqudgha.
    25 | D        | Found a broken altar of Ashenzari.
    35 | D        | Became a worshipper of Nemelex Xobeh the Trickster
    35 | D        | Reached * piety under Nemelex Xobeh
    35 | D        | Received a gift from Nemelex Xobeh
    35 | D        | Reached ** piety under Nemelex Xobeh
    82 | D        | Reached skill level 4 in Long Blades
    95 | D        | Reached XP level 2. HP: 3/28 MP: 1/1
   379 | D        | Reached skill level 5 in Fighting
   379 | D        | Reached skill level 5 in Long Blades
   575 | D        | Reached skill level 5 in Dodging
   575 | D        | Reached XP level 3. HP: 20/37 MP: 2/2
   804 | D        | Noticed a scorpion
   804 | D        | Noticed a gnoll sergeant
   818 | D        | Reached skill level 6 in Long Blades
   818 | D        | Reached XP level 4. HP: 20/45 MP: 3/3
   821 | D        | Reached skill level 7 in Long Blades
   827 | D        | Killed a scorpion
   828 | D        | Reached skill level 8 in Long Blades
   828 | D        | Reached skill level 1 in Armour
   828 | D        | Reached XP level 5. HP: 19/53 MP: 4/4
   832 | D        | Reached skill level 9 in Long Blades
   836 | D        | Reached XP level 6. HP: 63/63 MP: 5/5
   840 | D        | Reached skill level 10 in Long Blades
   856 | D        | Reached skill level 10 in Fighting
   963 | D        | Reached skill level 11 in Long Blades
   969 | D        | Noticed a fire bat
   969 | D        | Noticed a spriggan
   975 | D        | Killed a spriggan
   976 | D        | Reached XP level 7. HP: 61/73 MP: 6/6
   976 | D        | Killed a fire bat
   977 | D        | Reached skill level 12 in Long Blades
   992 | D        | Noticed a flying skull
  1010 | D        | Killed a flying skull
  1011 | D        | Reached skill level 13 in Long Blades
  1103 | D        | Reached *** piety under Nemelex Xobeh
  1267 | D        | Noticed a flying skull
  1267 | D        | Noticed a ynoxinul
  1268 | D        | Received a gift from Nemelex Xobeh
  1269 | D        | Noticed a smoke demon
  1269 | D        | a ynoxinul changed into a smoke demon
  1278 | D        | Killed a flying skull
  1279 | D        | Reached XP level 8. HP: 50/83 MP: 7/7
  1283 | D        | Killed a smoke demon
  1284 | D        | Reached skill level 14 in Long Blades
  1284 | D        | Reached skill level 5 in Armour
  1296 | D        | Reached **** piety under Nemelex Xobeh
  1316 | D        | Noticed a two-headed ogre
  1320 | D        | Killed a two-headed ogre
  1321 | D        | Reached skill level 15 in Long Blades
  1321 | D        | Reached skill level 5 in Stealth
  1321 | D        | Reached XP level 9. HP: 49/93 MP: 8/8
  1500 | D        | Received a gift from Nemelex Xobeh
  1509 | D        | Noticed a bog body
  1512 | D        | Noticed a troll
  1513 | D        | Reached skill level 16 in Long Blades
  1513 | D        | Noticed a phantasmal warrior
  1526 | D        | Killed a phantasmal warrior
  1529 | D        | Slain by a troll

Illustrated notes

Levels and vault maps discovered:
D:        pitsprint [storerooms_1, entrance_room_1, metal_vault_5, armoury_2,
          mini_pit_1, grid_room_1, main_hall_1, silver_pit, the_coven_2,
          the_vestibule_1, steel_vault_5, golden_pit, hallway_of_sentries,
          crystal_vault_4, iron_vault_1, final_vault]

Skill      XL: |  1  2  3  4  5  6  7  8  9 |
---------------+----------------------------+-----
Fighting       | 4 5 6 8 9 10 11 13 14 | 14.2
Long Blades    | 4 5 6 8 9 11 13 15 16 | 16.4
Dodging        | 4 5 6 7 8 9 |  9.1
Stealth        | 2 3 4 5 |  5.2
Armour         | 1 3 4 7 8 |  8.3
Shields        | |  0.6

Action                   |  1- 3 |  4- 6 |  7- 9 || total
-------------------------+-------+-------+-------++-------
Melee: Falchion          |    30 |       |       ||    30
       Headbutt          |     4 |     5 |    13 ||    22
       Long sword        |     4 |    50 |    23 ||    77
       Scimitar          |       |       |    42 ||    42
Invok: Draw Destruction  |       |     1 |     1 ||     2
  Use: Potion            |     1 |     3 |     2 ||     6
 Stab: Sleeping          |     1 |       |       ||     1
       Distracted        |       |       |     1 ||     1
Armor: Robe              |     7 |       |       ||     7
       Chain mail        |       |    28 |     6 ||    34
       Scale mail        |       |       |    17 ||    17
Dodge: Dodged            |    25 |    14 |    42 ||    81
Block: Buckler           |       |       |     3 ||     3

Table legend: (Time is in decaauts)
 A = Elapsed time spent in this place.
 B = Non-inter-level travel time spent in this place.
 C = Inter-level travel time spent in this place.
 D = Time resting spent in this place.
 E = Time spent auto-exploring this place.
 F = Levels seen in this place.
 G = Mean time per level.
                   A        B        C        D        E       F      G
               +--------+--------+--------+--------+--------+-----+--------+
         Total |   1524 |   1524 |      0 |    937 |      0 |   1 | 1524.0 |
       Dungeon |   1524 |   1524 |      0 |    937 |      0 |   1 | 1524.0 |
               +--------+--------+--------+--------+--------+-----+--------+

Top non-repeatable levels by time:
       D: 1524 daAuts
